 Dungeon Sprint DCSS version 0.31-a0-437-g7cee417757 (console) character file.

Game seed: 15036840489360164558

305 Lexodia the Zephyrmancer (level 6, -3/32 HPs)
             Began as a Tengu Air Elementalist on Aug 2, 2023.
             Was an Initiate of Vehumet.
             Slain by a slime creature (7 damage)
             ... in the Dungeon (Sprint I: "Red Sonja").
             The game lasted 00:03:32 (325 turns).

Lexodia the Zephyrmancer (Tengu Air Elementalist)    Turns: 325, Time: 00:03:33

Health: -3/32      AC:  2    Str:  9    XL:     6   Next: 39%
Magic:  16/17      EV: 14    Int: 17    God:    Vehumet [......]
Gold:   162        SH:  0    Dex: 14    Spells: 12/19 levels left

rFire   . . .        (no weapon)
rCold   . . .        (no shield)
rNeg    . . .        a - +0 robe
rPois   .            (helmet restricted)
rElec   .            (no cloak)
rCorr   .            (no gloves)
SInv    .            (boots unavailable)
Will    .....        (no amulet)
Stlth   ++           (no ring)
HPRegen 0.25/turn    (no ring)
MPRegen 0.15/turn

%: no teleportation
@: flying quickly and evasively, quick
A: beak, talons 3, nimble flight
a: Renounce Religion


You were in the Dungeon.
You worshipped Vehumet.
Vehumet was noncommittal.
You visited 1 branch You collected 162 gold pieces.

Inventory:

Armour
 a - a +0 robe (worn)
Wands
 d - a wand of iceblast (13)
Scrolls
 g - a scroll of blinking
Potions
 b - a potion of magic
 c - a potion of curing


   Skills:
 - Level 2.1 Dodging
 - Level 2.0 Stealth
 * Level 7.3 Spellcasting
 - Level 1.3 Conjurations
 - Level 14.0 Air Magic


You had 12 spell levels left.
You knew the following spells:

 Your Spells              Type           Power      Damage    Failure   Level
a - Shock                 Conj/Air       100%       1d9       1%          1
b - Static Discharge      Conj/Air       64%        2-5/arc   1%          2
d - Airstrike             Air            26%        2d(4-20)  1%          4

Your spell library contained the following spells:

 Spells                   Type           Power      Damage    Failure   Level
 Swiftness                Air            52%        N/A       1%          3


Dungeon Overview and Level Annotations

Branches:
Dungeon (1/1)

Altars:
Makhleb
Sif Muna
Vehumet
Wu Jian
Xom
Jiyva
Lugonu


Innate Abilities, Weirdness & Mutations

You have a beak for a mouth.
You have claws for feet.
Your magical nature lets you fly swiftly and evasively.


Message History

You are struck by an arc of lightning.
The slime creature is struck by an arc of lightning.
The slime creature is heavily wounded.
The lightning grounds out.
The slime creature completely misses you.
Damage: -15%(-5hp) hp: 85%(27hp)
Casting: Static Discharge (safe; 1% risk of failure)
Confirm with . or Enter, or press ? or * to list all spells.
You don't have enough magic to cast this spell.
Casting: Static Discharge (safe; 1% risk of failure)
Confirm with . or Enter, or press ? or * to list all spells.
Aiming: Shock (safe; 1% risk of failure)
Press: ? - help, Shift-Dir - straight line, p - slime creature
Okay, then.
Things that are here:
a +0 scythe; a +0 robe; the human corpse of Sigmund
Casting: Shock (safe; 1% risk of failure)
Confirm with . or Enter, or press ? or * to list all spells.
Aiming: Shock (safe; 1% risk of failure)
Press: ? - help, Shift-Dir - straight line, p - slime creature The zap hits the slime creature.
The slime creature is severely wounded.
The zap hits the slime creature.
The slime creature is severely wounded.
The slime creature hits you!
Ouch! That really hurt!
Huge Dmg: -50%(-16hp) hp: 35%(11hp) Magic courses through your body.
The slime creature hits you!
* * * LOW HITPOINT WARNING * * *
Huge Dmg: -22%(-7hp) hp: 13%(4hp)
Casting: Shock (safe; 1% risk of failure)
Confirm with . or Enter, or press ? or * to list all spells.
Aiming: Shock (safe; 1% risk of failure)
Press: ? - help, Shift-Dir - straight line The zap hits the slime creature.
The slime creature is severely wounded.
The zap hits the slime creature!
The slime creature is almost dead.
The slime creature hits you!
You die...

###################
#<.#..)..#..'..#__#
#..)..#..'@J#..'..+
#..#####'#####'#__#
#..# #..# #)####
#..# #### ##(# #..#
#+#_.+ #⌠⌠# +..._#
#### #_.#+# ##+#


You could see a slime creature.

Vanquished Creatures
  Sigmund (D)
  An ogre (D)
  A jelly (D)
  Ijyb (D)
4 creatures vanquished.

Notes
Turn   | Place    | Note
-------+----------+-------------------------------------------
     0 | D        | Lexodia the Tengu Air Elementalist began the quest for the
                  | Orb.
     0 | D        | Reached XP level 1. HP: 10/10 MP: 4/4
     2 | D        | Noticed Ijyb
     4 | D        | Huge Dmg: 9 dmg
    10 | D        | Huge Dmg: 3 dmg
    13 | D        | Huge Dmg: 3 dmg
    14 | D        | Huge Dmg: 2 dmg
    14 | D        | Killed Ijyb
    15 | D        | Reached skill level 8 in Air Magic
    15 | D        | Reached XP level 2. HP: 5/15 MP: 0/6
    15 | D        | Reached XP level 3. HP: 7/19 MP: 0/7
    19 | D        | Huge Dmg: 2 dmg
    81 | D        | Learned a level 2 spell: Static Discharge
    82 | D        | Noticed an ogre
    87 | D        | Killed an ogre
    88 | D        | Reached skill level 12 in Air Magic
    88 | D        | Reached XP level 4. HP: 20/24 MP: 0/8
   167 | D        | Noticed Sigmund
   174 | D        | Learned a level 4 spell: Airstrike
   179 | D        | Killed Sigmund
   180 | D        | Reached skill level 13 in Air Magic
   180 | D        | Gained mutation: Your magical nature lets you fly swiftly
                  | and evasively. [Tengu growth]
   180 | D        | Reached XP level 5. HP: 28/28 MP: 0/15
   180 | D        | Reached XP level 6. HP: 32/32 MP: 0/16
   296 | D        | Found an ornate altar of the Wu Jian Council.
   296 | D        | Found a shimmering blue altar of Sif Muna.
   298 | D        | Found a radiant altar of Vehumet.
   301 | D        | Reached skill level 14 in Air Magic
   306 | D        | Became a worshipper of Vehumet
   312 | D        | Found a viscous altar of Jiyva.
   312 | D        | Found a corrupted altar of Lugonu.
   312 | D        | Noticed a slime creature
   313 | D        | Found a burning altar of Makhleb.
   313 | D        | Found a shimmering altar of Xom.
   324 | D        | Huge Dmg: 16 dmg
   325 | D        | Huge Dmg: 7 dmg
   325 | D        | Slain by a slime creature

Illustrated notes

Levels and vault maps discovered:
D:        dungeon_sprint_1 [red_sonja_temple_1, red_sonja_temple_small_1]

Skill      XL: |  1  2  3  4  5  6 |
---------------+-------------------+-----
Air Magic      | 8 12 13 14 | 14.0
Spellcasting   | 6 7 |  7.3
Dodging        | |  2.1
Stealth        | |  2.0
Conjurations   | |  1.3

Action                     |  1- 3 |  4- 6 || total
---------------------------+-------+-------++-------
  Melee: Unarmed           |     6 |       ||     6
         Kick              |     1 |       ||     1
         Peck              |     1 |       ||     1
   Cast: Shock             |     6 |     2 ||     8
         Static Discharge  |     2 |     1 ||     3
         Airstrike         |       |     8 ||     8
    Use: Potion            |     3 |     2 ||     5
 Armour: Robe              |     1 |     1 ||     2
  Dodge: Dodged            |     2 |     7 ||     9

Table legend: (Time is in decaauts)
 A = Elapsed time spent in this place.
 B = Non-inter-level travel time spent in this place.
 C = Inter-level travel time spent in this place.
 D = Time resting spent in this place.
 E = Time spent auto-exploring this place.
 F = Levels seen in this place.
 G = Mean time per level.
                   A        B        C        D        E       F      G
               +--------+--------+--------+--------+--------+-----+--------+
         Total |    321 |    321 |      0 |    177 |     78 |   1 |  321.0 |
       Dungeon |    321 |    321 |      0 |    177 |     78 |   1 |  321.0 |
               +--------+--------+--------+--------+--------+-----+--------+

Top non-repeatable levels by time:
       D: 321 daAuts
